 Dungeon Crawl Stone Soup version 0.28.0 (webtiles) character file.

Game seed: 12858121629864403629

354 GordonOverkill the Skirmisher (level 6, 0/81 HPs)
             Began as a Palentonga Hunter on Feb 17, 2022.
             Was a Follower of Ashenzari.
             Succumbed to a scorpion's poison
             ... on level 4 of the Dungeon.
             The game lasted 00:11:20 (4698 turns).

GordonOverkill the Skirmisher (Palentonga Hunter)   Turns: 4698, Time: 00:11:20

Health: 0/81       AC: 23    Str: 23    XL:     6   Next: 35%
Magic:  6/6        EV:  1    Int: 12    God:    Ashenzari [*.....]
Gold:   157        SH:  0    Dex: 10    Spells: 5/5 levels left

rFire   . . .      SeeInvis +   a - +0 dagger of Desmomancy {venom, Bglg, Elem} (curse)
rCold   . . .      Faith    .   (no shield)
rNeg    . . .      Spirit   .   (armour currently unavailable)
rPois   +          Reflect  .   (helmet currently unavailable)
rElec   .          Harm     .   (cloak currently unavailable)
rCorr   .          Rampage  .   (gloves currently unavailable)
Will    .....      NoTele   +   (no barding)
Stlth   +.........              (no amulet)
HPRegen 0.23/turn               g - +6 ring of strength
MPRegen 0.10/turn               (no ring)

@: lethally poisoned (0 -> -3), tree-form
A: stationary, stasis, torment immunity, boosted hp, large, rugged brown scales
3, see invisible, (deformed body), (roll 1), (armoured tail)
a: Renounce Religion, Curse Item, Shatter the Chains


You were on level 4 of the Dungeon.
You worshipped Ashenzari.
Ashenzari was aware of your devotion.
You were a tree.
You visited 1 branch of the dungeon, and saw 4 of its levels.

You collected 157 gold pieces.

Inventory:

Hand Weapons
 a - the cursed +0 dagger of Desmomancy (weapon) {venom, Bglg, Elem}
   (You took it off a kobold on level 1 of the Dungeon)

   It poisons the flesh of those it strikes.
   It has a curse which improves the following skills: Beguiling: Conjurations,
   Hexes and Translocations.
   Elements:  Fire Magic, Ice Magic, Air Magic and Earth Magic.
Missiles
 c - 6 javelins (quivered)
 d - 2 throwing nets
Armour
 l - the cursed +0 plate armour "Thunder Perfect Mind" (melded) {Cun, Melee}
   (You found it on level 2 of the Dungeon)

   It has a curse which improves the following skills: Cunning: Dodging and
   Stealth.
   Melee Combat: Short Blades, Long Blades, Axes, Maces & Flails, Polearms,
   Staves and Unarmed Combat.
Jewellery
 g - a +6 ring of strength (left branch)
Wands
 b - a wand of iceblast (6)
Scrolls
 e - a scroll of enchant armour
 f - 2 scrolls of immolation
 h - 3 scrolls of teleportation
 k - 2 scrolls of fog
Potions
 j - a potion of magic


   Skills:
 + Level 5.1 Fighting
 - Level 2.3 Short Blades
 - Level 3.0 Throwing
 + Level 2.7 Armour
 - Level 1.5 Dodging
 - Level 0.5 Stealth


You had 5 spell levels left.
You didn't know any spells.
Your spell library was empty.

Dungeon Overview and Level Annotations

Branches:
Dungeon (4/15)
 Temple: D:4-7

Altars:
Ashenzari
Cheibriados


Innate Abilities, Weirdness & Mutations

You are a tree.
Your roots penetrate the ground, keeping you stationary.
You cannot be teleported.
You are immune to unholy pain and torment.
Your maximum health is greatly increased.
Your equipment is partially melded.
(You are completely covered in rugged brown scales. (AC +3, +7% HP))
You have supernaturally acute eyesight. (SInv)
((Armour fits poorly on your strangely shaped body.))
((You can roll at nearby foes to attack.))
((You have a long armoured tail.))


Message History

You feel very sick.
The scorpion stings you but does no damage.
You hit the scorpion.
The scorpion is lightly wounded.
* * * LOW HITPOINT WARNING * * *
You feel very sick.
The scorpion stings you but does no damage.
You closely miss the scorpion.
The scorpion is lightly wounded.
* * * LOW HITPOINT WARNING * * *
You feel sick.
The scorpion stings you but does no damage.
You hit the scorpion but do no damage.
The scorpion is lightly wounded.
* * * LOW HITPOINT WARNING * * *
You feel sick. The scorpion stings you.
* * * LOW HITPOINT WARNING * * *
You completely miss the scorpion.
The scorpion is lightly wounded.
* * * LOW HITPOINT WARNING * * *
You feel sick.
The scorpion stings you but does no damage.
You hit the scorpion but do no damage.
The scorpion is poisoned.
The scorpion is lightly wounded.
* * * LOW HITPOINT WARNING * * *
You feel sick.
The scorpion stings you but does no damage.
You hit the scorpion.
The scorpion looks as sick as possible!
The scorpion is heavily wounded.
* * * LOW HITPOINT WARNING * * *
You feel sick.
The scorpion stings you but does no damage. x2
You closely miss the scorpion.
The scorpion is heavily wounded.
* * * LOW HITPOINT WARNING * * *
You feel sick.
The scorpion stings you but does no damage.
You hit the scorpion but do no damage.
The scorpion looks as sick as possible!
The scorpion is almost dead.
You die...

....... #..#.#.#
.......####....#.#########
..............##....oo...#
..............##########o#
...............#### #o#
.....#...(........< #.#
... #....ZZ)..#### ##.###
. ######s##..#<# #..o.o
#♣# #.# #.(### #.# #.#
#..# #. #.# #.#†# #..# #.
#.# #.#.# #... #. #.#
#.#.# #.## #.## ####.#
#.#.# #. ..# #....###.#.#
#> #.# ###.##.#...#.# #
#.###........#.#.#.#


You could see a scorpion (extremely poisoned), a water moccasin skeleton and a
hound skeleton.

Vanquished Creatures
  A hound (D:4)
  5 orc priests
  An iguana (D:4)
  3 gnolls
  5 adders
  3 worms
  3 dart slugs
  4 orcs
  7 endoplasms
  3 giant cockroaches
  5 goblins
  3 hobgoblins
  3 jackals (D:4)
  5 kobolds
  A quokka (D:3)
  3 ball pythons
  7 bats
  A frilled lizard (D:1)
  4 rats
67 creatures vanquished.

Notes
Turn   | Place    | Note
-------+----------+-------------------------------------------
     0 | D:1      | GordonOverkill the Palentonga Hunter began the quest for
                  | the Orb.
     0 | D:1      | Reached XP level 1. HP: 17/17 MP: 1/1
   698 | D:1      | Reached XP level 2. HP: 17/24 MP: 2/2
  1012 | D:1      | Found a faded altar of an unknown god.
  1212 | D:1      | Prayed at the altar of an unknown god.
  1212 | D:1      | Became a worshipper of Ashenzari the Shackled
  1280 | D:1      | Reached skill level 3 in Fighting
  1417 | D:2      | Reached skill level 1 in Short Blades
  1689 | D:1      | Reached XP level 3. HP: 30/31 MP: 3/3
  2412 | D:3      | Reached XP level 4. HP: 38/38 MP: 4/4
  2660 | D:3      | Reached * piety under Ashenzari
  2965 | D:3      | Reached skill level 1 in Armour
  3322 | D:3      | Reached skill level 4 in Fighting
  3685 | D:3      | Reached XP level 5. HP: 34/44 MP: 5/5
  4387 | D:4      | Reached XP level 6. HP: 45/52 MP: 6/6
  4520 | D:4      | Found a snail-covered altar of Cheibriados.
  4561 | D:4      | Reached skill level 5 in Fighting
  4694 | D:4      | HP: 3/81 [poisoned by a scorpion]
  4696 | D:4      | HP: 1/81 [poisoned by a scorpion]
  4698 | D:4      | Succumbed to a scorpion's poison

Illustrated notes

Levels and vault maps discovered:
D:1:      zelgadis_glass_arrival_small, layout_rooms,
          shapermc_ecumenical_altar_flowoftime, minmay_misc_feat_rugged
D:2:      layout_rooms
D:3:      cheibrodos_pilgrimage, layout_rooms, st_stairs_14,
          chequers_serial_rivers_micro_b
D:4:      layout_basic, mainiacjoe_overflow_surrounded_room,
          minmay_temple_entry_crystal_x

Skill      XL: |  1  2  3  4  5  6 |
---------------+-------------------+-----
Throwing       | 3 |  3.0
Fighting       | 3 4 5 |  5.1
Short Blades   | 1 2 |  2.3
Armour         | 1 2 |  2.7
Dodging        | |  1.5
Stealth        | |  0.5

Action                   |  1- 3 |  4- 6 || total
-------------------------+-------+-------++-------
Melee: Short sword       |    17 |       ||    17
       Dagger            |    74 |   110 ||   184
       Tailslap          |    14 |    12 ||    26
       Punch             |     1 |       ||     1
Throw: Throwing net      |     2 |       ||     2
       Javelin           |     1 |     9 ||    10
Invok: Curse Item        |     1 |     1 ||     2
 Abil: Rolling Charge    |    18 |    19 ||    37
  Use: Potion            |       |     1 ||     1
Armor: Leather armour    |    24 |       ||    24
       Plate armour      |     6 |    52 ||    58
       Skin              |       |     9 ||     9
Dodge: Dodged            |    26 |    15 ||    41
